 Dungeon Crawl Stone Soup version 0.31.0-32-g396128a36d (webtiles) character file.

Game seed: 6259430675930845644

1235 spaghetti the Caller (level 8, -5/62 HPs)
             Began as a Naga Summoner on Mar 11, 2024.
             Was an Initiate of Kikubaaqudgha.
             Slain by a manticore (13 damage)
             ... on level 6 of the Dungeon.
             The game lasted 00:09:33 (5540 turns).

spaghetti the Caller (Naga Summoner)                Turns: 5540, Time: 00:09:34

Health: -5/62      AC:  6    Str: 12    XL:     8   Next: 49%
Magic:  12/15      EV:  9    Int: 17    God:    Kikubaaqudgha [......]
Gold:   255        SH:  0    Dex: 11    Spells: 9/17 levels left

rFire   . . .        e - staff of death
rCold   . . .        (no shield)
rNeg    + . .        a - +0 robe
rPois   +            (no helmet)
rElec   .            r - +0 cloak
rCorr   .            (no gloves)
SInv    +            (no barding)
Will    +....        (no amulet)
Stlth   ++           (no ring)
HPRegen 0.30/turn    (no ring)
MPRegen 0.14/turn

%: no passive effects
@: spiked, unable to call your familiar, very slow
A: AC +2, large, see invisible, deformed body, poison resistance, slowness 2,
spit poison 1, naga tail 1, iridescent scales 1
a: Spit Poison, Renounce Religion


You were on level 6 of the Dungeon.
You worshipped Kikubaaqudgha.
Kikubaaqudgha was noncommittal.
You visited 2 branches of the dungeon, and saw 6 of its levels.

You collected 255 gold pieces.

Inventory:

Hand Weapons
 i - a +2 whip of venom
Armour
 a - a +0 robe (worn)
 r - a +0 cloak (worn)
Magical Staves
 e - a staff of death (weapon)
Jewellery
 d - a ring of wizardry
Wands
 n - a wand of mindburst (12)
 o - a wand of acid (21)
Scrolls
 c - 2 scrolls of vulnerability {unknown}
 f - a scroll of poison {unknown}
 g - a scroll of teleportation {unknown}
 j - 4 scrolls of blinking {unknown}
 k - a scroll of noise {unknown}
 l - 3 scrolls of identify {unknown}
 m - a scroll of fog {unknown}
Potions
 b - a potion of magic
 p - a potion of curing
 q - a potion of heal wounds
 t - a potion of brilliance


   Skills:
 - Level 1.5 Dodging
 - Level 3.0 Stealth
 + Level 5.3 Spellcasting
 + Level 7.6 Summonings
 + Level 5.1 Necromancy


You had 9 spell levels left.
You knew the following spells:

 Your Spells              Type           Power      Damage    Failure   Level
a - Summon Small Mammal   Summ           100%       N/A       1%          1
b - Call Imp              Summ           60%        N/A       1%          2
c - Call Canine Familiar  Summ           30%        N/A       1%          3
d - Cigotuvi's Dreadful   Necr/Alch/Air  30%        N/A       11%         2

Your spell library contained the following spells:

 Spells                   Type           Power      Damage    Failure   Level
 Summon Blazeheart Golem  Fire/Summ      17%        N/A       28%         4
 Summon Lightning Spire   Summ/Air       17%        N/A       28%         4
 Ignite Poison            Fire/Alch      4%         N/A       80%         4
 Freezing Cloud           Conj/Ice/Air   2%         6-21      98%         5


Dungeon Overview and Level Annotations

Branches:
Dungeon (6/15)             Temple (1/1) D:4

Altars:
Ashenzari
Cheibriados
Dithmenos
Elyvilon
Fedhas
Gozag
Kikubaaqudgha
Makhleb
Nemelex Xobeh
Qazlal
Ru
Sif Muna
Trog
Uskayaw
Vehumet
Wu Jian
Xom
Yredelemnul
Zin

Shops:
D:2 *   D:6 *


Innate Abilities, Weirdness & Mutations

Your serpentine skin is tough. (AC +2)
You have supernaturally acute eyesight. (SInv)
Armour fits poorly on your strangely shaped body.
Your system is resistant to poisons. (rPois)
You cover ground very slowly.
You can spit poison.
You have a snake-like lower body.
You are partially covered in iridescent scales. (AC +2)


Message History

Confirm with . or Enter, or press ? or * to list all spells.
A tiny devil pulls itself out of the air.
Casting: Call Imp (safe; 1% risk of failure)
Confirm with . or Enter, or press ? or * to list all spells.
The manticore bites you but does no damage.
The manticore claws you. The manticore closely misses you.
Your cerulean imp barely misses the manticore.
Casting: Summon Small Mammal (safe; 1% risk of failure)
Confirm with . or Enter, or press ? or * to list all spells.
Your bat hits the manticore but does no damage.
The manticore bites you! The manticore claws you.
The manticore closely misses you.
Your bat hits the manticore.
Your cerulean imp hits the manticore but does no damage.
You barely miss the manticore.
The manticore is severely wounded.
Your bat hits the manticore but does no damage. x2
The manticore barely misses your bat. The manticore claws your bat!
Your bat dies!
Your bat's corpse disappears in a puff of smoke!
Your cerulean imp hits the manticore from afar with a -1 spear.
You hit the manticore.
The manticore is severely wounded.
Your quokka bites the manticore but does no damage.
The manticore bites you!
The manticore claws you but does no damage.
The manticore claws you.
Your cerulean imp completely misses the manticore.
You hit the manticore.
The manticore writhes in agony.
The manticore is severely wounded.
Your quokka bites the manticore.
The manticore bites you but does no damage.
The manticore claws you.
* * * LOW HITPOINT WARNING * * *
The manticore claws you!
* * * LOW HITPOINT WARNING * * *
Your cerulean imp hits the manticore from afar with a -1 spear.
Your quokka barely misses the manticore.
The manticore bites you!
You die...
Kikubaaqudgha rasps: "You have failed me!
Welcome... death!"

#.#.#.#......##
#.#..#..######
#.#.###.#
#.#..#..# #
##.#.#.#.#
##.##$...#.#.#
#.....§..#.#.#
...#..∩Hr.#.#.#
#.....@.5#....
##.##...##....
# ##.####...
#.# #. #.# #.#
... ###


You could see a manticore (ally target), a friendly cerulean imp (summoned) and
a friendly quokka (summoned).

Vanquished Creatures
  A white imp (D:5)
  An orc (D:4)
  A bat (D:1)
  An endoplasm (D:2)
  2 giant cockroaches
  2 goblins
  2 hobgoblins (D:1)
  A jackal (D:1)
  3 kobolds (D:1)
  A quokka (D:1)
  A frilled lizard (D:2)
  3 rats
19 creatures vanquished.

Vanquished Creatures (collateral kills)
  Menkaure (D:4)
  2 ice beasts (D:6)
  A black bear (D:5)
  2 ogres
  A scorpion (D:5)
  3 bombardier beetles (D:5)
  3 hounds
  3 jellies
  An orc priest (D:6)
  5 iguanas
  4 gnolls (D:5)
  4 adders
  A shadow imp (D:6)
  A white imp (D:6)
  An ufetubus (D:5)
  A ribbon worm (D:2)
  2 dart slugs
  2 orcs (D:6)
  4 bats
  A giant cockroach (D:1)
  5 goblins
  5 hobgoblins
  4 jackals (D:1)
  5 quokkas
  2 ball pythons
  A frilled lizard (D:1)
  4 kobolds
  2 rats
71 creatures vanquished.

Grand Total: 90 creatures vanquished

Notes
Turn   | Place    | Note
-------+----------+-------------------------------------------
     0 | D:1      | spaghetti the Naga Summoner began the quest for the Orb.
     0 | D:1      | Reached XP level 1. HP: 15/15 MP: 3/3
   102 | D:1      | Reached XP level 2. HP: 22/22 MP: 5/5
   220 | D:1      | Learned a level 2 spell: Call Imp
   571 | D:1      | Reached XP level 3. HP: 9/28 MP: 3/6
   575 | D:1      | Learned a level 3 spell: Call Canine Familiar
   659 | D:1      | Reached skill level 5 in Summonings
  1516 | D:2      | Found Doitex Sekhla's Assorted Antiques.
  1520 | D:2      | Reached XP level 4. HP: 36/36 MP: 7/7
  1760 | D:2      | Found a bloodstained altar of Trog.
  1774 | D:2      | You fall into a shaft and drop 2 floors!
  1790 | D:4      | Noticed Menkaure
  1800 | D:4      | Killed Menkaure
  1801 | D:4      | Reached XP level 5. HP: 17/42 MP: 0/9
  1826 | D:4      | Learned a level 2 spell: Cigotuvi's Dreadful Rot
  1915 | D:4      | Noticed an ogre
  1922 | D:4      | Killed an ogre
  1923 | D:4      | Reached skill level 6 in Summonings
  1923 | D:4      | Reached XP level 6. HP: 49/49 MP: 3/10
  2226 | D:4      | Found a glowing silver altar of Zin.
  2487 | D:4      | Found a staircase to the Ecumenical Temple.
  2499 | Temple   | Entered the Ecumenical Temple
  2508 | Temple   | Became a worshipper of Kikubaaqudgha
  2961 | D:5      | Entered Level 5 of the Dungeon
  3068 | D:5      | Reached XP level 7. HP: 55/55 MP: 6/13
  4264 | D:5      | Reached skill level 7 in Summonings
  4490 | D:5      | Reached XP level 8. HP: 62/62 MP: 4/15
  5147 | D:6      | Reached skill level 5 in Spellcasting
  5417 | D:6      | Reached skill level 5 in Necromancy
  5509 | D:6      | Found Jimiunici's Assorted Antiques.
  5512 | D:6      | Noticed a manticore
  5525 | D:6      | Gained mutation: You are partially covered in iridescent
                  | scales. (AC +2) [potion of mutation]
  5540 | D:6      | Slain by a manticore

Illustrated notes

Levels and vault maps discovered:
D:1:      dpeg_arrival_arbitrary_c, layout_basic, chequers_serial_rivers_micro_c
D:2:      layout_loops_cross, serial_shops, nicolae_shop_hallway_stairs,
          basic_altar
D:4:      layout_loops_ring, zin_treasury, minmay_temple_entry_overgrown,
          uniq_menkaure
D:5:      kb_forest_paths, layout_loops_corners, minmay_crystal_water,
          st_stairs_5, serial_library_hellmonk_open_square
D:6:      layout_loops_ring, serial_shops, shop
Temple:   regret_index_temple_mists

Skill      XL: |  1  2  3  4  5  6  7  8 |
---------------+-------------------------+-----
Summonings     | 5 6 7 |  7.6
Spellcasting   | 3 4 5 |  5.3
Necromancy     | 2 3 4 5 |  5.1
Dodging        | |  1.5
Stealth        | |  3.0

Action                     |  1- 3 |  4- 6 |  7- 9 || total
---------------------------+-------+-------+-------++-------
  Melee: Unarmed           |    13 |       |       ||    13
         Staff             |    39 |    26 |    23 ||    88
   Cast: Summon Small Mamm |    18 |    12 |    32 ||    62
         Call Imp          |    12 |    16 |    29 ||    57
         Call Canine Famil |     8 |    18 |    31 ||    57
         Cigotuvi's Dreadf |       |       |     6 ||     6
Ability: Spit Poison       |    14 |     1 |       ||    15
    Use: Potion            |     1 |     2 |     4 ||     7
   Stab: Distracted        |     2 |       |       ||     2
         Sleeping          |     1 |       |       ||     1
 Armour: Robe              |    69 |    27 |    65 ||   161
  Dodge: Dodged            |    50 |    18 |    39 ||   107
